 Dungeon Crawl Stone Soup version 0.30.1-4-g462c640d31 (webtiles) character file.

Game seed: 3078793495094011596

4 Zoots the Gusty (level 1, 7/14 HPs)
             Began as a Draconian Wanderer on Sept 11, 2023.
             Quit the game on level 1 of the Dungeon.
             The game lasted 00:02:18 (39 turns).

Zoots the Gusty (Draconian Wanderer)                  Turns: 39, Time: 00:02:18

Health: 7/14       AC:  5    Str: 12    XL:     1   Next: 50%
Magic:  2/2        EV: 12    Int: 14    God:
Gold:   0          SH:  0    Dex: 10    Spells: 1/2 levels left

rFire   . . .        a - +0 club
rCold   . . .        (no shield)
rNeg    . . .        (body armour unavailable)
rPois   .            (helmet restricted)
rElec   .            (no cloak)
rCorr   .            c - +0 pair of gloves
SInv    .            (no boots)
Will    .....        (no amulet)
Stlth   +            (no ring)
HPRegen 0.22/turn    (no ring)
MPRegen 0.08/turn

%: no passive effects
@: no status effects
A: AC +4, unfitting armour, cold-blooded
a: no special abilities


You were on level 1 of the Dungeon.
You visited 1 branch of the dungeon, and saw 1 of its levels.

Inventory:

Hand Weapons
 a - a +0 club (weapon)
Armour
 c - a +0 pair of gloves (worn)


   Skills:
 + Level 1.7 Dodging
 + Level 1.0 Spellcasting
 + Level 1.0 Translocations
 + Level 5.2 Air Magic
 + Level 1.0 Evocations


You had one spell level left.
You knew the following spells:

 Your Spells              Type           Power      Damage    Failure   Level
a - Shock                 Conj/Air       28%        1d4       9%          1

Your spell library contained the following spells:

 Spells                   Type           Power      Damage    Failure   Level
 Swiftness                Air            15%        N/A       10%         3
 Poisonous Vapours        Pois/Air       14%        N/A       14%         2
 Blink                    Tloc           6%         N/A       26%         2
 Momentum Strike          Conj/Tloc      4%         3d8       32%         2


Dungeon Overview and Level Annotations

Branches:
Dungeon (1/15)

Altars:


Innate Abilities, Weirdness & Mutations

Your plain brown scales are hard. (AC +4)
You cannot fit into any form of body armour.
You are cold-blooded and may be slowed by cold attacks.


Message History

You kill the hobgoblin!
A kobold comes into view. It is wielding a +0 club.
The kobold shouts!
You hit the kobold but do no damage.
Your tail-slap misses the kobold.
A kobold comes into view. It is wielding a +0 short sword.
The kobold hits you with a +0 club.
You barely miss the kobold.
The kobold shouts!
The kobold misses you.
You hit the kobold but do no damage. The kobold misses you.
The kobold hits you with a +0 club.
You closely miss the kobold. The kobold closely misses you.
You barely miss the kobold. The kobold completely misses you.
You hit the kobold but do no damage. Your punch misses the kobold.
The kobold hits you but does no damage.
You barely miss the kobold. The kobold closely misses you.
The kobold barely misses you.
You closely miss the kobold. The kobold closely misses you.
You hit the kobold but do no damage. The kobold hits you but does no damage.
You closely miss the kobold. The kobold barely misses you. x2
You closely miss the kobold. The kobold hits you but does no damage.
You closely miss the kobold. You tail-slap the kobold.
You kill the kobold!
You hit the kobold but do no damage. The kobold closely misses you.
The kobold barely misses you.
You barely miss the kobold. The kobold misses you.
You closely miss the kobold.
You tail-slap the kobold, but do no damage.
The kobold hits you with a +0 short sword.
You hit the kobold.
The kobold is severely wounded.
The kobold closely misses you.
You closely miss the kobold.
The kobold is severely wounded.
The kobold hits you but does no damage. The kobold closely misses you.
You hit the kobold.
You kill the kobold!
Things that are here:
a +0 short sword; a +0 club; 4 stones Are you sure you want to abandon this character and quit the game? (Confirm with "yes".)

### ..# #.#
#.# #.# #.#
#@# #.# #.#
######.### #
#........#
#.#.####.#.#
#...# #.#.#
##### #.# #
#.#


There were no monsters in sight!

Vanquished Creatures
  A hobgoblin (D:1)
  A ball python (D:1)
  2 kobolds (D:1)
4 creatures vanquished.

Notes
Turn   | Place    | Note
-------+----------+-------------------------------------------
     0 | D:1      | Zoots the Draconian Wanderer began the quest for the Orb.
     0 | D:1      | Zoots set off with the following items: a +0 club, a scroll
                  | of teleportation, a +0 pair of gloves; and the following
                  | spell memorised: Shock; and the following spells available
                  | to memorise: Swiftness, Poisonous Vapours, Blink, Momentum
                  | Strike.
     0 | D:1      | Reached XP level 1. HP: 14/14 MP: 2/2
    39 | D:1      | Quit the game

Illustrated notes

Levels and vault maps discovered:
D:1:      scummos_arrival_star, layout_basic, serial_shops, shop,
          kennysheep_doodads

Action                     || total
---------------------------++-------
  Melee: Club              ||    25
         Tailslap          ||     2
    Use: Scroll            ||     1
 Armour: Skin              ||     5
  Dodge: Dodged            ||    21
